 Dungeon Crawl Stone Soup version 0.24-a0-378-g94936e539c (webtiles) character file.

Game seed: 3160772652274989083

155 HAL9000 the Cutter (level 5, -7/26 HPs)
             Began as a Vine Stalker Assassin on June 2, 2019.
             Killed from afar by Robin (9 damage)
             ... with a puff of flame
             ... on level 3 of the Dungeon.
             The game lasted 00:02:13 (1991 turns).

HAL9000 the Cutter (Vine Stalker Assassin)          Turns: 1991, Time: 00:02:14

Health: -7/26      AC:  3    Str: 15    XL:     5   Next: 37%
Magic:  0/6        EV: 11    Int: 11    God:
Gold:   66         SH:  0    Dex: 15    Spells: 4/4 levels left

rFire    . . .     SeeInvis .   a - +2 dagger
rCold    . . .     Gourm    .   (no shield)
rNeg     . . .     Faith    .   b - +0 robe
rPois    .         Spirit   +   (no helmet)
rElec    .         Reflect  .   c - +0 cloak
rCorr    .         Harm     .   (no gloves)
MR       .....                  (no boots)
Stlth    +++.......             (no amulet)
HPRegen  0.48/turn              (no ring)
MPRegen  0.10/turn              (no ring)

@: no status effects
A: fangs 2, regeneration 1, magic shield, antimagic bite, no potion heal 3, rot
immunity
a: no special abilities


You were on level 3 of the Dungeon.
You were not hungry.

You visited 1 branch of the dungeon, and saw 3 of its levels.

You collected 66 gold pieces.

Inventory:

Hand Weapons
 a - a +2 dagger (weapon)
Missiles
 d - 6 poisoned darts (quivered)
 e - 2 curare-tipped darts
 k - 8 boomerangs
Armour
 b - a +0 robe (worn)
 c - a +0 cloak (worn)
Scrolls
 h - a scroll of fog {unknown}
 j - a scroll of identify {unknown}
 n - a scroll of enchant armour {unknown}
 p - a scroll of remove curse {unknown}
 q - a scroll of fear {unknown}
Potions
 g - a potion of heal wounds {unknown}
 i - a potion of invisibility {unknown}
 l - a potion of flight {unknown}
 m - a potion of degeneration {unknown}
 o - a potion of brilliance {unknown}
 r - a potion of berserk rage {unknown}
Comestibles
 f - 3 rations
 s - 2 chunks of flesh


   Skills:
 - Level 1.7 Fighting
 + Level 4.9 Short Blades
 - Level 1.7 Throwing
 - Level 0.7 Dodging
 - Level 4.8 Stealth


You had 4 spell levels left.
You didn't know any spells.
Your spell library was empty.

Dungeon Overview and Level Annotations

Branches:
Dungeon (2/15)

Altars:
Okawaru

Annotations:
D:3 Robin


Innate Abilities, Weirdness & Mutations

You have extremely sharp teeth.
Your natural rate of healing is unusually fast.
When hurt, damage is shared between your health and your magic reserves.
Your bite disrupts and absorbs the magic of your enemies.
Potions cannot restore your health.
You are immune to rotting.


Message History

The hobgoblin is severely wounded.
The hobgoblin hits you but does no damage.
You hit the hobgoblin.
You kill the hobgoblin!
Throwing (i - inventory. (/) - cycle)
d - 7 poisoned darts (quivered)
Press: ? - help, Shift-Dir - straight line, f - Robin
Aim: Robin, wielding a +0 short sword, wearing a +0 animal skin, wearing the +2 helmet of Liberalism {rPois rF- rCorr Str+6} and carrying a wand of flame (17)
You throw a poisoned dart. The poisoned dart hits Robin.
Robin is poisoned.
Unknown command.
Robin zaps a wand.
The puff of flame hits you!
* * * LOW HITPOINT WARNING * * *
Things that are here:
a +0 dagger; a goblin corpse x2
Unknown command.
Robin zaps a wand.
The puff of flame misses you.
Robin looks more healthy.
Robin zaps a wand.
The puff of flame misses you.
Robin zaps a wand.
The puff of flame hits you!
* * * LOW HITPOINT WARNING * * *
Robin zaps a wand.
The puff of flame hits you!
You die...

......######.......#
........(.)........#
#....รท..###........#
.#.####.###..g.....#
#..####....#.......#
........>#.#.#.....#
...####....#.#.....#
.#.. #............#
..#.###).....###@..#
?.. ...........#...#
.. ..#..#.##.....# .
##.#.####...#
#..........#
...###..####...#
........# #...#
...####.# ##### .
#...##


You could see Robin.

Vanquished Creatures
  A scorpion (D:3)
  Natasha (D:3)
  An adder (D:3)
  2 oozes (D:2)
  3 worms
  3 dart slugs (D:1)
  An orc (D:3)
  A giant cockroach (D:3)
  8 goblins (D:3)
  6 hobgoblins
  A ball python (D:1)
  5 bats
  A frilled lizard (D:2)
  7 kobolds
  7 rats
48 creatures vanquished.

Notes
Turn   | Place    | Note
-------+----------+-------------------------------------------
     0 | D:1      | HAL9000 the Vine Stalker Assassin began the quest for the
                  | Orb.
     0 | D:1      | Reached XP level 1. HP: 11/11 MP: 2/2
   313 | D:1      | Reached XP level 2. HP: 11/15 MP: 1/3
  1146 | D:1      | Reached XP level 3. HP: 9/18 MP: 2/4
  1728 | D:2      | You fall into a shaft and drop 1 floor!
  1757 | D:3      | Noticed Natasha
  1773 | D:3      | Killed Natasha
  1773 | D:3      | Gained mutation: Your natural rate of healing is unusually
                  | fast. [Vine Stalker growth]
  1773 | D:3      | Reached XP level 4. HP: 5/23 MP: 0/5
  1851 | D:3      | Found an iron altar of Okawaru.
  1889 | D:3      | Reached XP level 5. HP: 17/26 MP: 4/6
  1925 | D:3      | Identified the +2 helmet of Liberalism {rPois rF- rCorr
                  | Str+6}
  1925 | D:3      | Noticed Robin
  1990 | D:3      | HP: 1/26 [Robin/puff of flame (6)]
  1991 | D:3      | Killed from afar by Robin

Levels and vault maps discovered:
D:1:      evilmike_arrival_run_for_it, layout_basic, glass_columns_a
D:2:      layout_loops_corners, dancing_weapons_uskayaw,
          kennysheep_generic_room_14, uniq_jessica
D:3:      layout_rooms, okawaru_metal_pillars_3, portal_sewer_entry_e,
          uniq_robin, uniq_natasha

Skill      XL: |  1  2  3 |
---------------+----------+-----
Short Blades   | 2 3 4 |  4.9
Fighting       | |  1.7
Throwing       | |  1.7
Dodging        | |  0.7
Stealth        | |  4.8

Action                   |  1- 3 |  4- 6 || total
-------------------------+-------+-------++-------
Melee: Dagger            |    95 |    58 ||   153
       Bite              |    19 |    14 ||    33
Throw: Dart              |     1 |     7 ||     8
 Stab: Sleeping          |     7 |     2 ||     9
  Eat: Chunk             |     2 |     1 ||     3
Armor: Robe              |    19 |     8 ||    27
Dodge: Dodged            |    34 |    31 ||    65

Table legend:
 A = Non-vault XP
 B = Vault XP
 C = Vault XP percentage of total XP
 D = Non-vault monster count
 E = Vault monster count
 F = Vault count percentage of total count
                 A         B        C        D         E       F
            +---------+---------+-------+---------+---------+-------
      Total |     160 |      62 |  27.9 |      35 |      13 |  27.1
            +---------+---------+-------+---------+---------+-------
        D:1 |      31 |       5 |  13.9 |      17 |       1 |   5.6
        D:2 |      28 |       0 |   0.0 |       9 |       0 |   0.0
        D:3 |     101 |      57 |  36.1 |       9 |      12 |  57.1
            +---------+---------+-------+---------+---------+-------
